Map: Kairos Junction LE

Players

Gerald - Winner!

  • Race: Protoss Protoss
  • Spawn Location: 11:00

MilkiCow

  • Race: Terran Terran
  • Spawn Location: 5:00

Event: 2019 WCS Summer

VOD

Have the link to the VOD?

Description

Time

  • Played on: July 12, 2019, 7:30 a.m.
  • Length: 12:03

All games in this series

Show
View Real Time Build Order
Export as new Build Order

Gerald Protoss - Winner!

Build Orders: 1 Gate Expand, Blink Stalkers, Colossus Rush 

Get SALT Encoding   

  12  0:00  Probe  
  13  0:13  Probe  
  14  0:17  Pylon  
  14  0:25  Probe  
  15  0:33  Probe  
  15  0:35  Gateway  
  16  0:43  Assimilator  
  16  0:44  Probe  
  17  0:56  Probe  
  18  1:08  Probe  
  19  1:24  Cybernetics Core  
  20  1:29  Nexus  
  19  1:33  Probe  
  19  1:38  Assimilator  
  20  1:46  Probe, Pylon  
  21  1:54  Adept  
  21  1:59  Probe  
  22  2:07  Warp Gate  
  24  2:11  Probe  
  25  2:19  Adept  
  25  2:22  Twilight Council  
  25  2:23  Probe  
  28  2:35  Probe  
  29  2:37  Blink  
  29  2:41  Probe  
  30  2:47  Probe  
  30  2:48  Stalker  
  30  2:50  Pylon  
  33  2:53  Probe  
  34  2:59  Probe  
  35  3:06  Probe  
  35  3:11  Probe  
  37  3:18  Probe  
  38  3:23  Probe  
  39  3:28  Stalker  
  39  3:30  Probe  
  36  3:35  Probe, Gateway  
  36  3:37  Gateway  
  39  3:42  Probe, Shield Battery  
  39  3:47  Probe  
  41  3:54  Probe  
  42  3:57  Robotics Facility  
  42  4:00  Probe  
  43  4:06  Probe  
  43  4:09  Pylon  
  44  4:12  Stalker, Probe  
  47  4:18  Probe  
  47  4:20  Pylon  
  47  4:22  Assimilator  
  47  4:23  Assimilator  
  47  4:24  Probe  
  49  4:30  Probe  
  50  4:36  Probe  
  51  4:39  Nexus  
  51  4:42  Stalker, Probe  
  51  4:44  Observer  
  55  4:46  Stalker  
  55  4:48  Probe  
  58  4:53  Robotics Bay  
  58  4:55  Stalker  
  60  5:02  Probe  
  60  5:03  Forge  
  61  5:17  Probe  
  60  5:25  Probe  
  61  5:29  Probe  
  61  5:30  Observer  
  63  5:35  Pylon  
  63  5:36  Stalker x3  
  63  5:37  Probe  
  63  5:38  Colossus  
  63  5:41  Pylon  
  70  5:46  Protoss Ground Weapons Level 1  
  70  5:50  Pylon  
  76  6:01  Probe  
  76  6:03  Extended Thermal Lance  
  77  6:09  Probe  
  77  6:10  Charge  
  77  6:11  Pylon  
  78  6:18  Probe  
  79  6:19  Pylon  
  79  6:22  Observer  
  79  6:23  Gateway  
  79  6:24  Gateway  
  79  6:28  Zealot x2  
  79  6:30  Stalker  
  85  6:36  Probe  
  85  6:37  Probe  
  87  6:42  Probe  
  84  6:52  Stalker  
  84  6:53  Stalker  
  85  7:05  Probe  
  85  7:06  Probe  
  87  7:16  Probe, Colossus  
  87  7:18  Probe x2  
  87  7:20  Zealot x2  
  87  7:21  Zealot x3  
  107  7:30  Probe x2  
  107  7:32  Gateway  
  107  7:34  Gateway  
  108  7:40  Gateway  
  108  7:47  Pylon  
  108  7:52  Zealot x3  
  108  7:53  Protoss Ground Armor Level 1  
  108  7:58  Disruptor  
  112  7:59  Probe x2, Templar Archives  
  112  8:00  Probe  
  112  8:05  Assimilator  
  115  8:07  Assimilator  
  115  8:11  Probe  
  115  8:12  Probe  
  120  8:19  Probe  
  119  8:23  Probe  
  119  8:24  Probe  
  119  8:25  Psionic Storm  
  121  8:29  Nexus  
  119  8:37  High Templar x2  
  123  8:47  Zealot x4, High Templar  
  133  8:50  Pylon  
  133  8:53  Pylon  
  133  9:01  Pylon  
  133  9:08  Disruptor, Probe x2  
  138  9:15  Zealot x6  
  148  9:17  Archon  
  128  9:28  Zealot x2  
  128  9:37  Zealot x6  
  103  9:57  Stalker x7  
  103  9:58  Stalker  
  94  10:08  Disruptor  
  82  10:20  High Templar x2  
  82  10:21  Zealot x2, High Templar x2  
  88  10:22  Zealot x2  
  88  10:25  Probe x2  
  88  10:27  Archon x2  
  94  10:38  Disruptor  
  91  10:43  Zealot  
  91  10:44  Zealot x3  
  99  10:50  Probe x3  
  99  10:53  High Templar  
  99  10:54  Zealot x2, High Templar  
  110  11:00  Probe  
  110  11:02  Probe  
  112  11:10  Zealot x4  
  120  11:20  Stalker x2  
  120  11:21  Disruptor  
  127  11:32  Stalker  
  129  11:33  Stalker x3  
  127  11:43  Archon  
  117  11:49  Zealot x4  
  109  12:00  Stalker x2  
  109  12:01  Stalker x2  
Show
View Real Time Build Order
Export as new Build Order

MilkiCow Terran 

Build Orders:  

Get SALT Encoding   

  12  0:01  SCV  
  13  0:13  SCV  
  14  0:17  Supply Depot  
  14  0:25  SCV  
  15  0:39  SCV  
  15  0:40  Barracks  
  16  0:44  Refinery  
  16  0:51  SCV  
  17  1:03  SCV  
  18  1:15  SCV  
  19  1:28  Orbital Command, Barracks Reactor  
  19  1:47  Command Center  
  19  1:55  SCV  
  19  1:59  Bunker  
  20  2:04  Marine x2  
  22  2:10  Supply Depot  
  22  2:12  SCV  
  23  2:29  Factory  
  23  2:32  Marine x2, SCV  
  26  2:37  Refinery  
  26  2:44  SCV  
  26  2:49  Marine x2  
  29  2:57  SCV  
  30  3:09  Orbital Command, SCV  
  31  3:14  Starport  
  31  3:18  Widow Mine  
  31  3:19  Widow Mine  
  35  3:21  SCV  
  35  3:33  SCV  
  35  3:35  Barracks Tech Lab  
  35  3:36  SCV  
  36  3:46  SCV  
  36  3:48  Widow Mine x2  
  40  3:49  SCV  
  40  3:51  Medivac  
  40  3:53  Supply Depot  
  43  3:58  SCV  
  43  4:01  SCV  
  43  4:02  Barracks Tech Lab  
  45  4:04  Supply Depot  
  46  4:12  SCV  
  46  4:13  SCV  
  46  4:19  Siege Tank  
  50  4:24  SCV  
  50  4:25  SCV  
  50  4:28  Cloaking Field  
  51  4:31  Marine x2  
  51  4:32  Bunker  
  51  4:36  SCV  
  51  4:37  SCV  
  54  4:39  Banshee  
  56  4:48  SCV  
  56  4:49  Marine x2, SCV, Supply Depot  
  59  4:56  Supply Depot  
  59  5:00  SCV  
  59  5:02  Command Center  
  60  5:10  SCV  
  60  5:11  Siege Tank  
  62  5:16  SCV  
  62  5:17  Marine  
  62  5:19  Marine  
  63  5:22  SCV  
  63  5:24  Banshee  
  65  5:28  SCV  
  65  5:31  Barracks  
  65  5:33  Barracks  
  65  5:34  Marine  
  65  5:35  SCV  
  66  5:36  Marine  
  66  5:40  Refinery  
  66  5:41  Refinery  
  67  5:42  Engineering Bay  
  67  5:44  Siege Tank  
  67  5:46  SCV  
  67  5:49  SCV  
  72  5:55  Marine  
  72  5:56  Marine  
  74  5:58  SCV  
  74  6:01  SCV  
  76  6:04  Barracks  
  76  6:05  Barracks  
  76  6:10  SCV  
  76  6:13  SCV  
  76  6:17  Marine x2  
  77  6:22  SCV, Starport Reactor  
  77  6:23  Orbital Command  
  78  6:26  SCV  
  78  6:27  Combat Shield, Stimpack  
  78  6:28  Marauder x2  
  78  6:30  Supply Depot  
  83  6:35  Marine  
  83  6:36  Marine  
  85  6:48  SCV  
  85  6:49  Marauder x2  
  85  6:50  Factory Reactor  
  85  6:52  Marine, SCV  
  92  6:55  Marine  
  92  6:56  SCV  
  92  6:58  Barracks Tech Lab  
  92  6:59  Supply Depot x2  
  94  7:05  Terran Infantry Weapons Level 1  
  94  7:11  Marauder x2  
  94  7:12  SCV x2  
  94  7:14  Orbital Command  
  100  7:18  Barracks Reactor  
  100  7:20  Medivac  
  100  7:21  Marauder  
  100  7:22  Marine  
  105  7:27  Medivac  
  105  7:28  SCV  
  105  7:29  SCV  
  109  7:32  Marauder  
  109  7:34  Supply Depot  
  109  7:35  Supply Depot  
  111  7:37  Marauder  
  111  7:40  Marine, SCV  
  111  7:42  Marauder  
  117  7:47  Refinery, Starport  
  117  7:48  Concussive Shells  
  117  7:49  Refinery  
  117  7:53  Supply Depot  
  117  7:55  Marauder, Marine  
  118  7:59  Marauder  
  118  8:02  Medivac  
  118  8:05  Marine  
  122  8:06  Marauder  
  122  8:07  Marine  
  122  8:10  Marine  
  122  8:12  Viking  
  129  8:13  Marine  
  129  8:15  SCV x2  
  129  8:17  Marauder  
  132  8:21  Marauder, SCV  
  132  8:23  Marine  
  132  8:25  Marine  
  137  8:27  Marauder  
  139  8:35  Viking  
  139  8:36  Supply Depot  
  141  8:42  Supply Depot x2  
  141  8:43  Viking  
  140  8:49  Supply Depot  
  140  8:57  Viking, Marine  
  140  8:58  Marauder x3  
  140  8:59  Ghost Academy  
  140  9:00  Terran Infantry Armor Level 1  
  140  9:02  Barracks  
  148  9:03  Viking  
  148  9:05  Viking  
  148  9:06  Marine  
  148  9:09  Supply Depot x2  
  151  9:19  Marauder x3  
  147  9:25  Marine  
  147  9:27  Marine  
  147  9:28  Viking x2  
  147  9:30  Marine  
  150  9:33  Viking  
  150  9:36  Marine  
  151  9:40  Marauder x2, Marine  
  151  9:43  Marine  
  141  9:46  Marine  
  141  9:48  Marine  
  133  9:54  Marine  
  133  9:55  Liberator x3  
  133  9:56  Liberator  
  133  9:58  Marauder  
  123  10:01  Marine  
  123  10:02  Marauder x2  
  118  10:07  Marine  
  118  10:13  Barracks Tech Lab  
  127  10:20  Marauder  
  126  10:23  Marauder  
  126  10:27  Marauder  
  130  10:29  Marine  
  130  10:32  Marauder  
  131  10:38  Liberator  
  131  10:40  Liberator  
  131  10:41  Marauder  
  131  10:42  Liberator  
  129  10:44  Marauder  
  129  10:46  Marine  
  129  10:48  Ghost  
  130  10:51  Marine x2  
  130  10:52  Marine, Ghost  
  130  10:56  Command Center  
  138  11:01  Ghost  
  146  11:05  Ghost  
  146  11:06  Marine  
  146  11:09  Marine  
  150  11:11  Marine  
  150  11:13  Supply Depot  
  150  11:14  Supply Depot  
  150  11:17  Ghost  
  153  11:24  Supply Depot x2  
  156  11:25  Marine  
Tags
 
Add a new tag
Caveats
  • Supply blocks, unpowered buildings, or Contaminate may cause inaccurate times.
  • Supply counts are checked every 10 seconds.